 Dungeon Crawl Stone Soup version 0.30-a0-830-gfe289a77b0 (webtiles) character file.

Game seed: 14436615499886293401

109 Newt the Shooter (level 5, -2/35 HPs)
             Began as a Kobold Hunter on Feb 28, 2023.
             Slain by Crazy Yiuf
             ... wielding a +2 quarterstaff of chaos
              (4 damage)
             ... on level 2 of the Dungeon.
             The game lasted 00:01:18 (1718 turns).

Newt the Shooter (Kobold Hunter)                    Turns: 1718, Time: 00:01:19

Health: -2/35      AC:  4    Str: 12    XL:     5   Next: 13%
Magic:  5/5        EV: 15    Int: 10    God:
Gold:   107        SH:  0    Dex: 20    Spells: 4/4 levels left

rFire   . . .      SeeInvis .    j - +3 hand axe "Worm's Wrath" {spect, rElec Str+3}
rCold   . . .      Faith    .    (no shield)
rNeg    . . .      Spirit   .    c - +0 leather armour
rPois   .          Reflect  .    (no helmet)
rElec   +          Harm     .    n - +0 cloak
rCorr   .          Rampage  .    (no gloves)
Will    .....                    (no boots)
Stlth   +++                      (no amulet)
HPRegen 0.25/turn                (no ring)
MPRegen 0.09/turn                (no ring)

@: no status effects
A: small, no large weapons, nightstalker 3
a: no special abilities


You were on level 2 of the Dungeon.
You visited 1 branch of the dungeon, and saw 2 of its levels.

You collected 107 gold pieces.

Inventory:

Hand Weapons
 a - a +0 shortbow
 j - the +3 hand axe "Worm's Wrath" (weapon) {spect, rElec Str+3}
   (You found it on level 2 of the Dungeon)

   Str:       It affects your strength (+3).
   rElec:     It insulates you from electricity.
Armour
 c - a +0 leather armour (worn)
 n - a +0 cloak (worn)
Jewellery
 k - a +4 ring of slaying
Scrolls
 b - a scroll of immolation
 d - a scroll of blinking
 f - a scroll of identify
Potions
 e - a potion of might
 g - a potion of curing
 h - 2 potions of heal wounds
 i - a potion of lignification {unknown}
 l - a potion of flight {unknown}
 m - a potion of resistance {unknown}


   Skills:
 - Level 5.0 Fighting
 + Level 1.2 Axes
 - Level 5.3 Ranged Weapons
 - Level 2.4 Dodging
 - Level 1.3 Stealth


You had 4 spell levels left.
You didn't know any spells.
Your spell library contained the following spells:

 Spells                   Type           Power      Damage    Failure   Level
 Ensorcelled Hibernation  Hex/Ice        0%         N/A       58%         2
 Passwall                 Tmut/Erth      0%         N/A       58%         2
 Swiftness                Air            0%         N/A       82%         3


Dungeon Overview and Level Annotations

Branches:
Dungeon (2/15)

Altars:
Elyvilon

Annotations:
D:2 Crazy Yiuf


Innate Abilities, Weirdness & Mutations

You are small and have problems with some larger weapons.
You are completely attuned to the shadows.


Message History

The helpless hobgoblin fails to defend itself.
You hit the hobgoblin.
You kill the hobgoblin!
No target in view!
No target in view!
No target in view!
No target in view!
No target in view!
Could not explore, unopened runed door.
No reachable target in view!
No reachable target in view!
No reachable target in view!
No reachable target in view!
No reachable target in view!
No reachable target in view!
No reachable target in view!
No reachable target in view!
No reachable target in view!
No reachable target in view!
Unknown command.
You open the door.
There is an open translucent door here.
Crazy Yiuf shouts!
You hit Crazy Yiuf.
Crazy Yiuf is lightly wounded.
Your +3 hand axe "Worm's Wrath" {spect, rElec Str+3} hits Crazy Yiuf!
Crazy Yiuf hits you with a +2 quarterstaff of chaos.
Crazy Yiuf freezes you.
You hit Crazy Yiuf.
Crazy Yiuf is severely wounded.
Your +3 hand axe "Worm's Wrath" {spect, rElec Str+3} barely misses Crazy Yiuf.
Crazy Yiuf hits you with a +2 quarterstaff of chaos!
Crazy Yiuf freezes you.
You barely miss Crazy Yiuf.
Crazy Yiuf is severely wounded.
Your +3 hand axe "Worm's Wrath" {spect, rElec Str+3} hits Crazy Yiuf.
Crazy Yiuf hits you with a +2 quarterstaff of chaos!
* * * LOW HITPOINT WARNING * * *
Crazy Yiuf burns you.
You die...

#.##.####...####.#
#.#.#..#####
#.##.# ##..#
#.###.#.#..#
#.##.# ##.#
#..........#
#.#### ###
#####.#.##.#####
#...# #.#.##......
###.# #.#.########
#.##♣♣ ##### #.#.#
##..#.♣♣ ♣♣#.()#
###.#
#......♣♣♣♣.'@g.#
#.########
#.......♣..♣#...#
#.........
#...#..♣.♣♣♣#####
##########
##.##♣♣♣♣♣ #.# #.#
### #.# #.# #.#
#.# #.# #.#


You could see Crazy Yiuf and a friendly +3 hand axe "Worm's Wrath" {spect, rElec
Str+3} (summoned).

Vanquished Creatures
  Robin (D:2)
  A gnoll (D:1)
  2 adders (D:2)
  A worm (D:2)
  2 dart slugs (D:2)
  2 endoplasms
  3 giant cockroaches
  7 hobgoblins
  3 quokkas (D:2)
  4 ball pythons
  6 bats
  2 frilled lizards
  16 goblins
  4 kobolds
  2 rats (D:1)
56 creatures vanquished.

Notes
Turn   | Place    | Note
-------+----------+-------------------------------------------
     0 | D:1      | Newt the Kobold Hunter began the quest for the Orb.
     0 | D:1      | Reached XP level 1. HP: 12/12 MP: 1/1
   177 | D:1      | Reached XP level 2. HP: 18/18 MP: 2/2
   488 | D:1      | Reached XP level 3. HP: 17/24 MP: 3/3
  1011 | D:2      | Found a runed translucent door.
  1014 | D:2      | Noticed Crazy Yiuf
  1088 | D:2      | Identified the +3 hand axe "Worm's Wrath" {spect, rElec
                  | Str+3}
  1145 | D:2      | Reached XP level 4. HP: 30/30 MP: 4/4
  1229 | D:2      | Noticed Robin
  1236 | D:2      | Killed Robin
  1237 | D:2      | Reached skill level 5 in Fighting
  1256 | D:2      | Reached XP level 5. HP: 35/35 MP: 5/5
  1291 | D:2      | Reached skill level 1 in Axes
  1495 | D:2      | Found a white marble altar of Elyvilon.
  1718 | D:2      | Slain by Crazy Yiuf

Illustrated notes

Levels and vault maps discovered:
D:1:      scummos_arrival_star, layout_loops_corners
D:2:      layout_loops_ring, basic_altar, st_stairs_7, uniq_crazy_yiuf_cottage,
          uniq_robin

Skill      XL: |  1  2  3  4  5 |
---------------+----------------+-----
Fighting       | 3 4 5 |  5.0
Axes           | 1 |  1.2
Ranged Weapons | |  5.3
Dodging        | |  2.4
Stealth        | |  1.3

Action                     |  1- 3 |  4- 6 || total
---------------------------+-------+-------++-------
  Melee: Hand axe          |     7 |    33 ||    40
   Fire: Shortbow          |    42 |       ||    42
    Use: Scroll            |     4 |       ||     4
   Stab: Sleeping          |     1 |     5 ||     6
         Distracted        |       |     1 ||     1
 Armour: Leather armour    |     5 |     2 ||     7
  Dodge: Dodged            |    16 |    14 ||    30

Table legend: (Time is in decaauts)
 A = Elapsed time spent in this place.
 B = Non-inter-level travel time spent in this place.
 C = Inter-level travel time spent in this place.
 D = Time resting spent in this place.
 E = Time spent auto-exploring this place.
 F = Levels seen in this place.
 G = Mean time per level.
                   A        B        C        D        E       F      G
               +--------+--------+--------+--------+--------+-----+--------+
         Total |   1740 |   1724 |     16 |      0 |   1493 |   2 |  870.0 |
       Dungeon |   1740 |   1724 |     16 |      0 |   1493 |   2 |  870.0 |
               +--------+--------+--------+--------+--------+-----+--------+

Top non-repeatable levels by time:
     D:1: 947 daAuts
     D:2: 792 daAuts
